 Dungeon Crawl Stone Soup version 0.25.0-9-g26727b6 (webtiles) character file.

Game seed: 6936992984013101312

261 Magonis the Digger (level 6, 0/34 HPs)
             Began as a Gargoyle Earth Elementalist on June 17, 2020.
             Slain by a slave (9 damage)
             ... led by Pikel
             ... on level 3 of the Dungeon.
             The game lasted 00:38:38 (4025 turns).

Magonis the Digger (Gargoyle Earth Elementalist)    Turns: 4025, Time: 00:38:39

Health: 0/34       AC: 10    Str: 11    XL:     6   Next: 18%
Magic:  8/10       EV: 12    Int: 18    God:
Gold:   192        SH:  0    Dex: 10    Spells: 7/11 levels left

rFire    . . .     SeeInvis .   m - +4 quarterstaff (chaos)
rCold    . . .     Gourm    .   (shield currently unavailable)
rNeg     + + .     Faith    .   o - +2 robe {rN+}
rPois    ∞         Spirit   .   q - +0 helmet
rElec    +         Reflect  .   j - +0 cloak
rCorr    .         Harm     .   (no gloves)
MR       .....                  (no boots)
Stlth    ++........             (no amulet)
HPRegen  0.11/turn              (no ring)
MPRegen  0.12/turn              (no ring)

@: about to teleport
A: negative energy resistance 1, electricity resistance, unbreathing,
petrification resistance, rot immunity, AC +4
a: no special abilities


You were on level 3 of the Dungeon.
You were not hungry.

You visited 1 branch of the dungeon, and saw 4 of its levels.

You collected 192 gold pieces.

Inventory:

Hand Weapons
 c - a +2 dagger of protection
 m - a +4 quarterstaff of chaos (weapon)
 p - a +0 mace
Missiles
 b - 38 stones (quivered)
Armour
 j - a +0 cloak (worn)
 n - a +0 buckler
 o - a +2 robe of positive energy (worn)
 q - a +0 helmet (worn)
 t - a +2 leather armour of magic resistance
Wands
 r - a wand of flame (7)
Scrolls
 a - a scroll of teleportation
 f - a scroll of random uselessness {unknown}
 g - 2 scrolls of fog
 h - a scroll of enchant weapon {unknown}
 l - a scroll of amnesia {unknown}
Potions
 e - 3 potions of curing
 k - 2 potions of heal wounds
 s - a potion of berserk rage
Comestibles
 d - 4 rations
 i - 3 chunks of flesh


   Skills:
 + Level 1.5 Fighting
 + Level 2.0 Maces & Flails
 + Level 2.5 Dodging
 - Level 2.1 Stealth
 + Level 1.5 Shields
 + Level 3.1 Spellcasting
 + Level 1.6 Conjurations
   Level 0.7 Transmutations
 + Level 4.9 Earth Magic


You had 7 spell levels left.
You knew the following spells:

 Your Spells              Type           Power        Failure   Level  Hunger
a - Sandblast             Erth           ###...       2%          1    None
b - Stone Arrow           Conj/Erth      ##....       13%         3    ###....

Your spell library contained the following spells:

 Spells                   Type           Power        Failure   Level  Hunger
 Passwall                 Tmut/Erth      ##......     8%          2    ##.....
 Petrify                  Tmut/Erth      ##......     45%         4    ####...
 Lee's Rapid Deconstruct  Erth           ###.......   52%         5    ######.


Dungeon Overview and Level Annotations

Branches:
Dungeon (4/15)
 Temple: D:4-7

Altars:
Ashenzari
Nemelex Xobeh
Okawaru
Sif Muna
Trog
Yredelemnul

Annotations:
D:2 Grinder
D:4 Pikel, Robin


Innate Abilities, Weirdness & Mutations

You are resistant to torment.
Your stone body is resilient. (AC +4)
You are immune to poison.
You resist negative energy. (rN+)
You are resistant to electric shocks. (rElec)
You can survive without breathing.
You are immune to petrification.
You are immune to rotting.


Message History

The slave barely misses you.
You hit the slave. You burn the slave.
The slave is moderately wounded.
The slave closely misses you.
You hit the slave but do no damage.
The slave is moderately wounded.
The slave hits you but does no damage. The slave hits you!
Casting: Stone Arrow (quite dangerous; 13% risk of failure)
Confirm with . or Enter, or press ? or * to list all spells.
Aiming: Sandblast (safe; 2% risk of failure)
Press: ? - help, Shift-Dir - straight line, f - slave
Aim: a slave (moderately wounded, strong)
The blast of sand hits the slave but does no damage.
The slave is moderately wounded.
b - 38 stones The slave hits you.
* * * LOW HITPOINT WARNING * * *
As you read the scroll of teleportation, it crumbles to dust.
You feel strangely unstable. The slave hits you!
You die...

#.##.......)..._...#######.##.###
#.##..#..#..##....## #....# #
.........#..#####.# #....# #
####.##.###.# #.# ##...###
####.##.# #.#####.# #..)##.
.....##.###.......# #......
######..[##.####### #..###.
#...#.....#.########### #..# ##
..........#....p@.....# #(.# #
#...#....<###########.# #..####
##.###...## #.#####......
##.###.### #........#### #...##.#
#######.#.## .......# ##.###.##
......## #####.## ##.# .....##
#....## ##. #...##### #.###.##
##..


You could see a slave (strong).

Vanquished Creatures
  An orc wizard (D:4)
  Crazy Yiuf (D:2)
  Jessica (D:2)
  Ijyb (D:4)
  4 adders
  An ooze (D:2)
  2 worms
  5 dart slugs
  13 orcs
  A ball python (D:2)
  8 bats
  6 giant cockroaches
  13 goblins
  10 hobgoblins
  4 frilled lizards
  10 kobolds
  8 rats
89 creatures vanquished.

Notes
Turn   | Place    | Note
-------+----------+-------------------------------------------
     0 | D:1      | Magonis the Gargoyle Earth Elementalist began the quest for
                  | the Orb.
     0 | D:1      | Reached XP level 1. HP: 10/10 MP: 3/3
   236 | D:1      | Reached XP level 2. HP: 15/15 MP: 3/5
   326 | D:1      | Reached skill level 4 in Earth Magic
   533 | D:1      | Reached XP level 3. HP: 19/19 MP: 3/6
   987 | D:2      | Reached XP level 4. HP: 24/24 MP: 4/7
   992 | D:2      | Learned a level 3 spell: Stone Arrow
  1022 | D:2      | Reached skill level 1 in Maces & Flails
  1450 | D:2      | Noticed Jessica
  1465 | D:2      | Killed Jessica
  1757 | D:2      | Found a runed translucent door.
  1758 | D:2      | Noticed Crazy Yiuf
  1785 | D:2      | Killed Crazy Yiuf
  1785 | D:2      | Reached XP level 5. HP: 28/28 MP: 6/9
  1851 | D:3      | Reached skill level 1 in Conjurations
  1961 | D:3      | Noticed Grinder
  1973 | D:2      | Paralysed by Grinder for 5 turns
  2101 | D:3      | Found a bloodstained altar of Trog.
  2116 | D:3      | Reached skill level 1 in Shields
  2245 | D:3      | Reached skill level 1 in Fighting
  2418 | D:3      | Found a shimmering blue altar of Sif Muna.
  3013 | D:3      | Found a sparkling altar of Nemelex Xobeh.
  3102 | D:3      | Found an iron altar of Okawaru.
  3102 | D:3      | Found a basalt altar of Yredelemnul.
  3138 | D:4      | Noticed a slave
  3418 | D:4      | Noticed Robin
  3825 | D:4      | Reached XP level 6. HP: 34/34 MP: 7/10
  3896 | D:4      | Noticed Ijyb
  3899 | D:4      | Killed Ijyb
  3946 | D:4      | Found a shattered altar of Ashenzari.
  4008 | D:4      | Noticed a slave
  4009 | D:4      | Noticed a slave
  4011 | D:4      | Noticed Pikel
  4011 | D:4      | Noticed a slave
  4025 | D:3      | Slain by a slave

Illustrated notes

Levels and vault maps discovered:
D:1:      ncdulo_halloftheorcs, layout_rooms
D:2:      layout_rooms, kennysheep_generic_room_12, uniq_crazy_yiuf_cottage,
          uniq_jessica
D:3:      layout_loops_ring, lemuel_doored_altar, bloody_trog,
          nicolae_overflow_hidden_temple, gammafunk_temple_overflow_pools,
          guppyfry_early_orc_mine, uniq_grinder
D:4:      layout_loops_ring, elyvilon_altar_5, lemuel_crystal_altar,
          kennysheep_mini, kennysheep_mini_moat,
          minmay_temple_entry_proselytizer, minmay_splitting_lines,
          minmay_fire_ice_demons, uniq_robin, uniq_ijyb, uniq_pikel

Skill      XL: |  1  2  3  4  5  6 |
---------------+-------------------+-----
Earth Magic    | 4 |  4.9
Dodging        | 2 |  2.5
Maces & Flails | 1 2 |  2.0
Conjurations   | 1 |  1.6
Shields        | 1 |  1.5
Fighting       | 1 |  1.5
Spellcasting   | 3 |  3.1
Stealth        | |  2.1
Transmutations | |  0.7

Action                   |  1- 3 |  4- 6 || total
-------------------------+-------+-------++-------
Melee: Unarmed           |    21 |       ||    21
       Mace              |    53 |   137 ||   190
       Dagger            |       |    74 ||    74
       Quarterstaff      |       |     7 ||     7
 Cast: Sandblast         |    26 |    44 ||    70
       Stone Arrow       |       |     3 ||     3
  Use: Scroll            |       |     9 ||     9
 Stab: Sleeping          |     1 |     2 ||     3
  Eat: Chunk             |     1 |    10 ||    11
Armor: Robe              |    34 |   106 ||   140
Dodge: Dodged            |    73 |   143 ||   216
Block: Buckler           |       |    28 ||    28
